 Dungeon Crawl Stone Soup version 0.30.1-11-g7821555f0a (webtiles) character file.

Game seed: 18401060091252852312

6579 minichibis the Poker (level 11, -8/133 HPs)
             Began as a Hill Orc Conjurer on Dec 31, 2023.
             Was an Elder of Vehumet.
             Mangled by a blink frog (11 damage)
             ... on level 1 of the Lair of Beasts.
             The game lasted 01:31:12 (6955 turns).

minichibis the Poker (Hill Orc Conjurer)            Turns: 6955, Time: 01:31:14

Health: -8/133     AC: 25    Str: 13    XL:     11   Next: 1%
Magic:  4/16       EV:  2    Int: 20    God:    Vehumet [****..]
Gold:   222        SH:  5    Dex: 11    Spells: 7/17 levels left

rFire   . . .        N - +5 war axe "Nagif" {holy, *Slow rPois Dex+2}
rCold   . . .        (no shield)
rNeg    + . .        L - melded +0 troll leather armour
rPois   +            y - melded +2 helmet
rElec   .            (cloak currently unavailable)
rCorr   .            e - melded +2 pair of gloves
SInv    .            p - melded +0 pair of boots
Will    +....        F - amulet of reflection
Stlth   ++           B - ring of willpower
HPRegen 0.42/turn    f - ring of positive energy
MPRegen 0.15/turn

%: slow self (1%), reflection
@: tree-form
A: stationary, stasis, torment immunity, boosted hp
a: Renounce Religion


You were on level 1 of the Lair of Beasts.
You worshipped Vehumet.
Vehumet was greatly pleased with you.
You were a tree.
You visited 3 branches of the dungeon, and saw 12 of its levels.
You also visited: Ossuary.

You collected 502 gold pieces.
You spent 280 gold pieces at shops.

Inventory:

Hand Weapons
 o - a +3 spear of venom
 t - the +4 rapier of the Known World {freeze, rPois}
   (You found it on level 4 of the Dungeon)

   rPois:     It protects you from poison.
 N - the +5 war axe "Nagif" (weapon) {holy, *Slow rPois Dex+2}
   (You bought it in a shop on level 8 of the Dungeon)

   Dex:       It affects your dexterity (+2).
   rPois:     It protects you from poison.
   *Slow:     It may slow you when you take damage.
Missiles
 z - 5 javelins
 H - 3 atropa-tipped darts
Armour
 a - a +0 robe
 e - a +2 pair of gloves (melded)
 p - a +0 pair of boots (melded)
 q - a +0 leather armour of positive energy
 y - a +2 helmet (melded)
 L - a +0 troll leather armour (melded)
Magical Staves
 d - a staff of earth
 O - a staff of conjuration
 P - a staff of cold
Jewellery
 f - a ring of positive energy (right branch)
 h - a ring of ice
 i - an amulet of the acrobat
 m - a ring of protection from cold
 A - a ring of ice
 B - a ring of willpower (left branch)
 F - an amulet of reflection (around neck)
Wands
 w - a wand of flame (14)
 x - a wand of paralysis (11)
 J - a wand of mindburst (23) (quivered)
Scrolls
 l - a scroll of enchant weapon
 r - a scroll of immolation {unknown}
 s - 4 scrolls of poison {unknown}
 u - 2 scrolls of teleportation
 v - 4 scrolls of magic mapping
 G - a scroll of acquirement {unknown}
 I - a scroll of blinking {unknown}
 K - a scroll of fog {unknown}
Potions
 g - 2 potions of resistance
 j - 3 potions of lignification
 n - 2 potions of degeneration {unknown}
 C - a potion of attraction {unknown}
 D - 3 potions of flight
 E - a potion of invisibility {unknown}
 M - 2 potions of mutation {unknown}


   Skills:
 + Level 5.7 Fighting
 + Level 4.5 Short Blades
 + Level 3.2(7.0) Axes
 + Level 3.3(3.8) Maces & Flails
 + Level 7.3(7.6) Polearms
 + Level 0.1(4.1) Staves
 + Level 1.5 Throwing
 + Level 5.1 Armour
 + Level 6.7 Dodging
 + Level 2.5 Stealth
 + Level 4.0 Shields
 + Level 3.6 Spellcasting
 + Level 5.8 Conjurations
 + Level 1.3 Hexes
 + Level 2.0 Evocations


You had 7 spell levels left.
You knew the following spells:

 Your Spells              Type           Power      Damage    Failure   Level
a - Magic Dart            Conj           100%       1d8       1%          1
b - Searing Ray           Conj           54%        2d6       1%          2
c - Dazzling Flash        Conj/Hex       36%        N/A       2%          3
d - Fulminant Prism       Conj/Hex       9%         3d7       9%          4

Your spell library contained the following spells:

 Spells                   Type           Power      Damage    Failure   Level
 Olgreb's Toxic Radiance  Pois           3%         N/A       32%         4
 Kiss of Death            Conj/Necr      60%        2d10      1%          1
 Frozen Ramparts          Ice            6%         1d1       11%         3
 Iskenderun's Mystic Bla  Conj/Tloc      15%        2d5       11%         4
 Apportation              Tloc           6%         N/A       14%         1
 Summon Small Mammal      Summ           12%        N/A       14%         1
 Confusing Touch          Hex            9%         N/A       22%         3
 Arcjolt                  Conj/Air       7%         1d17      28%         5
 Summon Guardian Golem    Hex/Summ       6%         N/A       30%         3
 Call Canine Familiar     Summ           3%         N/A       38%         3
 Gell's Gravitas          Tloc           3%         N/A       38%         3
 Teleport Other           Tloc           3%         N/A       38%         3
 Vhi's Electric Charge    Tloc/Air       6%         N/A       38%         3
 Dispel Undead            Necr           3%         3d7       80%         4
 Ice Form                 Ice/Tmut       3%         N/A       80%         4
 Summon Ice Beast         Ice/Summ       3%         N/A       80%         4
 Alistair's Intoxication  Tmut/Pois      2%         N/A       98%         5
 Dispersal                Tloc           1%         N/A       100%        6
 Maxwell's Capacitive Co  Air            1%         ∞         100%        8


Dungeon Overview and Level Annotations

Branches:
Dungeon (10/15)            Temple (1/1) D:4            Lair (1/5) D:8
Ossuary (visited)
    Orc: D:9-12

Altars:
Ashenzari
Cheibriados
Dithmenos
Elyvilon
Fedhas
Gozag
Hepliaklqana
Kikubaaqudgha
Makhleb
Nemelex Xobeh
Okawaru
Qazlal
Ru
Sif Muna
Trog
Uskayaw
Vehumet
Wu Jian
Xom
Yredelemnul
Zin
The Shining One
Beogh

Shops:
D:3 (   D:7 [   D:8 (

Annotations:
D:10 Grum


Message History

Aim: a blink frog (moderately wounded, chance to affect: 57%)
The blink frog's mind is blasted!
The blink frog hits you but does no damage.
The blink frog blinks!
You block the blink frog's attack.
You hit the blink frog.
The blink frog is moderately wounded.
You barely miss the blink frog.
The blink frog hits you but does no damage. x2
The blink frog blinks!
You slash the blink frog!
The blink frog is severely wounded.
You barely miss the blink frog. You slash the blink frog!
The blink frog hits you but does no damage. x3
The blink frog hits you!
* * * LOW HITPOINT WARNING * * *
The blink frog blinks!
The blink frog hits you.
* * * LOW HITPOINT WARNING * * *
The blink frog blinks! x2
You hit the blink frog.
The blink frog is heavily wounded.
You slash the blink frog! You closely miss the blink frog.
The blink frog hits you but does no damage.
The blink frog hits you.
* * * LOW HITPOINT WARNING * * *
You block the blink frog's attack.
The blink frog hits you but does no damage.
The blink frog blinks! x2
You closely miss the blink frog.
The blink frog is lightly wounded.
You barely miss the blink frog.
The blink frog hits you but does no damage.
The blink frog barely misses you.
The blink frog blinks!
You hit the blink frog.
The blink frog is moderately wounded.
You block the blink frog's attack.
The blink frog blinks!
The blink frog hits you but does no damage.
The blink frog hits you.
* * * LOW HITPOINT WARNING * * *
The blink frog blinks!
The blink frog hits you!
You die...

#..## ##.....###
# ##..###
###....###
#.##..###.......#
#####.......#...#
#.#.F..##.?..#
####..###..P.#
#..########
#F§....#
##.♣F#...#
##†§### ##...##.
##.F## ....#####
#..## #.#....#.
#...# ....#....
#..### ......#..
#.). .........
§.§. .........
..... .........


You could see 4 blink frogs.

Vanquished Creatures
  Erica (D:8)
  A black mamba (Lair:1)
  The ghost of TheBioAlchemist the Vexing, a novice GnHs (D:4)
  2 cane toads (Lair:1)
  A troll (D:6)
  Prince Ribbit (D:7)
  2 blink frogs (Lair:1)
  3 yaks (Lair:1)
  A steam dragon (D:6)
  An acid dragon (D:6)
  An orc warrior (D:4)
  A black bear (D:7)
  3 ice beasts (D:6)
  2 ogres
  A centaur (D:5)
  6 kobold brigands
  3 bullfrogs
  2 elf zombies (Ossuary)
  2 gnoll sergeants
  2 scorpions
  5 wights (D:9)
  6 killer bees
  5 howler monkeys
  2 hounds (D:6)
  4 orc priests
  3 jellies
  A gnoll bouda (D:6)
  A human zombie (Ossuary)
  A sleepcap (D:8)
  A scorpion zombie (D:4)
  5 iguanas
  2 orc wizards (D:8)
  2 hound zombies
  4 mummies (Ossuary)
  15 gnolls
  7 adders
  A shadow imp (D:7)
  3 white imps
  3 adder zombies
  A worm (D:3)
  7 dart slugs
  28 orcs
  8 endoplasms
  A giant cockroach (D:3)
  12 goblins
  10 hobgoblins
  31 kobolds
  4 quokkas
  12 ball pythons
  6 bats
  A frilled lizard (D:3)
  2 goblin zombies (Ossuary)
  2 hobgoblin zombies
  3 kobold zombies
  An orc zombie (Ossuary)
  7 rats
  2 rat zombies
246 creatures vanquished.

Vanquished Creatures (others)
  A kobold (D:8)
  7 fulminant prisms (Lair:1)
8 creatures vanquished.

Grand Total: 254 creatures vanquished

Notes
Turn   | Place    | Note
-------+----------+-------------------------------------------
     0 | D:1      | minichibis the Hill Orc Conjurer began the quest for the
                  | Orb.
     0 | D:1      | Reached XP level 1. HP: 14/14 MP: 3/3
   202 | D:1      | Reached XP level 2. HP: 15/20 MP: 1/4
   288 | D:1      | Learned a level 2 spell: Searing Ray
   418 | D:1      | Reached XP level 3. HP: 26/26 MP: 4/6
  1254 | D:2      | Reached skill level 1 in Maces & Flails
  1541 | D:3      | Found Suhoti Exte's Antique Weapon Boutique.
  1552 | D:3      | Reached XP level 4. HP: 33/33 MP: 4/7
  1700 | D:3      | Found a faded altar of an unknown god.
  2228 | D:4      | Reached XP level 5. HP: 39/39 MP: 2/8
  2231 | D:4      | Identified the +4 rapier of the Known World {freeze, rPois}
  2294 | D:4      | Found a basalt altar of Yredelemnul.
  2306 | D:4      | Reached skill level 1 in Fighting
  2349 | D:4      | Found a staircase to the Ecumenical Temple.
  2364 | Temple   | Entered the Ecumenical Temple
  2446 | Temple   | Became a worshipper of Vehumet
  2568 | D:4      | Found a runed translucent gate.
  2568 | D:4      | Identified the +0 chain mail "Onwikele" {+Inv rElec Will+
                  | Dex+3}
  2568 | D:4      | Noticed an orc warrior
  2569 | D:4      | Found a runed translucent gate.
  2569 | D:4      | Noticed TheBioAlchemist's ghost (novice GnHs)
  2574 | D:4      | Reached XP level 6. HP: 47/47 MP: 9/9
  2574 | D:4      | Found a runed translucent gate.
  2685 | D:5      | Entered Level 5 of the Dungeon
  2953 | D:5      | Reached skill level 1 in Armour
  3058 | D:5      | Reached skill level 1 in Short Blades
  3062 | D:5      | Found a sand-covered staircase.
  3145 | Ossuary  | Entered an ossuary
  3154 | Ossuary  | Reached * piety under Vehumet
  3154 | Ossuary  | Offered knowledge of Freeze by Vehumet.
  3175 | Ossuary  | Reached XP level 7. HP: 5/55 MP: 5/10
  3440 | D:5      | Reached XP level 8. HP: 62/62 MP: 5/12
  3572 | D:5      | Reached skill level 1 in Throwing
  3589 | D:5      | Reached ** piety under Vehumet
  3605 | D:5      | Offered knowledge of Foxfire by Vehumet.
  3626 | D:5      | Noticed a slime creature
  3627 | D:5      | Noticed a slime creature
  3772 | D:6      | Reached skill level 1 in Polearms
  3837 | D:6      | Reached skill level 5 in Conjurations
  3843 | D:6      | Reached skill level 1 in Evocations
  3852 | D:6      | Reached skill level 2 in Polearms
  3966 | D:6      | Reached skill level 3 in Polearms
  4073 | D:6      | Reached XP level 9. HP: 49/70 MP: 7/13
  4077 | D:6      | Reached skill level 1 in Shields
  4352 | D:6      | Reached skill level 4 in Polearms
  4553 | D:6      | Noticed a troll
  4562 | D:6      | Learned a level 3 spell: Dazzling Flash
  4583 | D:6      | Killed a troll
  4726 | D:4      | Found a roughly hewn altar of Beogh.
  4783 | D:4      | Reached skill level 5 in Polearms
  4783 | D:4      | Reached skill level 5 in Dodging
  4788 | D:4      | Killed TheBioAlchemist's ghost
  4788 | D:4      | Offered knowledge of Static Discharge by Vehumet.
  5040 | D:7      | Noticed Prince Ribbit
  5054 | D:7      | Killed Prince Ribbit
  5055 | D:7      | Reached XP level 10. HP: 49/80 MP: 8/14
  5059 | D:7      | Found Eholebba's Armour Boutique.
  5240 | D:7      | Reached skill level 6 in Polearms
  5262 | D:7      | Reached *** piety under Vehumet
  5372 | D:7      | You fall into a shaft and drop 3 floors!
  5372 | D:10     | Entered Level 10 of the Dungeon
  5614 | D:10     | Noticed Grum
  5674 | D:8      | Found a staircase to the Lair.
  5694 | D:8      | Noticed Erica
  5695 | D:8      | Offered knowledge of Volatile Blastmotes by Vehumet.
  5717 | D:8      | HP: 4/80 [something/bolt of poison (10)]
  5781 | D:8      | Killed Erica
  5782 | D:8      | Reached skill level 5 in Fighting
  6294 | D:8      | Reached **** piety under Vehumet
  6381 | D:8      | Found Lirotaim's Antique Weapon Emporium.
  6391 | D:8      | Bought a shimmering war axe for 280 gold pieces
  6391 | D:8      | Identified the +5 war axe "Nagif" {holy, *Slow rPois Dex+2}
                  | (You bought it in a shop on level 8 of the Dungeon)
  6633 | Lair:1   | Entered Level 1 of the Lair of Beasts
  6633 | Lair:1   | Noticed a black mamba
  6644 | Lair:1   | Killed a black mamba
  6645 | Lair:1   | Reached skill level 7 in Polearms
  6650 | Lair:1   | Learned a level 4 spell: Fulminant Prism
  6681 | Lair:1   | Offered knowledge of Olgreb's Toxic Radiance by Vehumet.
  6700 | Lair:1   | HP: 4/81 [komodo dragon (5)]
  6830 | Lair:1   | Noticed a cane toad
  6840 | Lair:1   | Killed a cane toad
  6841 | Lair:1   | Reached skill level 5 in Armour
  6841 | Lair:1   | Reached skill level 1 in Hexes
  6844 | Lair:1   | Noticed a cane toad
  6854 | Lair:1   | Killed a cane toad
  6855 | Lair:1   | Reached skill level 1 in Axes
  6950 | Lair:1   | Reached XP level 11. HP: 14/89 MP: 3/16
  6952 | Lair:1   | HP: 6/133 [blink frog (2)]
  6955 | Lair:1   | Mangled by a blink frog

Illustrated notes

Levels and vault maps discovered:
D:1:      matt_arrival_grand_opening, layout_loops_corners
D:2:      layout_loops_ring, chequers_serial_rivers_marsh
D:3:      layout_loops_ring, serial_shops, shop, basic_ecumenical_altar,
          minmay_misc_feat_pillars
D:4:      layout_rooms, nicolae_yredelemnul_corpse_copse,
          minmay_temple_entry_arrows, biasface_ghost_orc_armoury
D:5:      cheibrodos_fertilizer, layout_cave_pools, enter_ossuary_3
D:6:      layout_basic, minmay_divided_ellipse
D:7:      layout_basic, serial_shops, shop, uniq_prince_ribbit1
D:8:      layout_cave_pools, lair_entry_dummy, serial_shops,
          nicolae_square_shop, grunt_ministairs_5, uniq_erica
D:9:      layout_irregular_city, serial_shops, nicolae_take_the_stairs
D:10:     layout_rooms, hellmonk_ghost_happy_afterlife, nrook_campfire,
          uniq_grum
Temple:   grunt_wide_crystal_templ
Lair:1:   layout_cave_pods, gauntlet_entry_generic, grunt_megastairs_5

Skill      XL: |  1  2  3  4  5  6  7  8  9 10 |
---------------+-------------------------------+-----
Spellcasting   | 2 3 |  3.6
Maces & Flails | 1 2 3 |  3.3
Dodging        | 2 3 4 5 6 |  6.7
Fighting       | 1 2 3 4 5 |  5.7
Armour         | 2 3 4 5 |  5.1
Short Blades   | 1 3 4 |  4.5
Throwing       | 1 |  1.5
Polearms       | 3 5 7 |  7.3
Conjurations   | 5 |  5.8
Evocations     | 1 2 |  2.0
Shields        | 2 4 |  4.0
Stealth        | 2 |  2.5
Hexes          | 1 |  1.3
Axes           | 3 |  3.2
Staves         | |  0.1

Action                     |  1- 3 |  4- 6 |  7- 9 | 10-12 || total
---------------------------+-------+-------+-------+-------++-------
  Melee: Staff             |    11 |       |       |       ||    11
         Whip              |    67 |    81 |       |       ||   148
         Punch             |     1 |     1 |     4 |     3 ||     9
         Rapier            |       |    87 |    24 |       ||   111
         Spear             |       |       |   168 |   124 ||   292
         War axe           |       |       |       |    49 ||    49
  Throw: Javelin           |       |       |    10 |       ||    10
         Throwing net      |       |       |       |     2 ||     2
   Cast: Magic Dart        |    20 |     5 |       |     1 ||    26
         Searing Ray       |    17 |    20 |    36 |    23 ||    96
         Dazzling Flash    |       |       |     5 |     4 ||     9
         Fulminant Prism   |       |       |       |     7 ||     7
  Evoke: Wand              |       |       |    12 |     5 ||    17
    Use: Scroll            |       |     6 |     6 |     5 ||    17
         Potion            |       |     4 |     2 |     9 ||    15
   Stab: Sleeping          |     1 |       |       |     1 ||     2
         Distracted        |       |       |     1 |       ||     1
         Invisible         |       |       |       |     1 ||     1
 Armour: Robe              |    22 |    16 |       |       ||    38
         Leather armour    |       |    69 |    46 |       ||   115
         Troll leather arm |       |       |    54 |    97 ||   151
         Skin              |       |       |       |    17 ||    17
  Dodge: Dodged            |    45 |   217 |   156 |   174 ||   592
  Block: Other             |       |       |    62 |    75 ||   137
         Reflection        |       |       |       |     5 ||     5
